 Dungeon Crawl Stone Soup version 0.22-a0-247-gbddf880 (webtiles) character file.

226517 kuniqs the Peltast (level 18, -7/175 HPs)
             Began as a Deep Dwarf Fighter on Feb 23, 2018.
             Was the Champion of Makhleb.
             Killed by the raging water
             ... invoked by a water nymph
              (25 damage)
             ... on level 3 of the Shoals on Feb 24, 2018.
             The game lasted 00:48:07 (26301 turns).

kuniqs the Peltast (Deep Dwarf Fighter)            Turns: 26301, Time: 00:48:08

Health: -7/175     AC: 40    Str: 34    XL:     18   Next: 65%
Magic:  17/17      EV: 21    Int: 11    God:    Makhleb [******]
Gold:   330        SH: 24    Dex: 25    Spells: 17/17 levels left

rFire    + . .     SeeInvis +   z - +6 broad axe (chop)
rCold    + . .     Gourm    .   V - +0 large shield
rNeg     + . .     Faith    .   A - +14 plate armour of Inference {Int+2}
rPois    .         Spirit   .   r - +2 helmet
rElec    +         Reflect  .   J - scarf {rC+ rF+}
rCorr    .         Harm     .   c - +0 pair of gloves of the Skies Above {rElec Str+4 Dex+4} (curse)
MR       +++..                  m - +0 pair of boots of Lare {Regen+ Dex+4}
Stlth    ..........             K - amulet of the acrobat
HPRegen  0.00/turn              R - +5 ring of dexterity
MPRegen  0.15/turn              G - ring of see invisible

@: flying, non-regenerating
A: damage resistance, heal wounds, slimy green scales 1, magic resistance 1,
negative energy resistance 1, sense surroundings 3, strong 1, no potion heal 1,
no regeneration
}: 1/15 runes: serpentine
a: Heal Wounds, Minor Destruction, Lesser Servant of Makhleb, Major Destruction,
Greater Servant of Makhleb, Renounce Religion


You were on level 3 of the Shoals.
You worshipped Makhleb.
Makhleb was exalted by your worship.
You were not hungry.

You visited 6 branches of the dungeon, and saw 31 of its levels.
You visited the Abyss 1 time.
You also visited: Sewer and Ice Cave.

You collected 3597 gold pieces.
You spent 3267 gold pieces at shops.

Inventory:

Hand Weapons
 z - a +6 broad axe of chopping (weapon)
Missiles
 N - 3 throwing nets (quivered)
Armour
 c - the cursed +0 pair of gloves of the Skies Above (worn) {rElec Str+4 Dex+4}
   (You bought it in a shop on level 1 of the Shoals)

   It affects your strength (+4).
   It affects your dexterity (+4).
   It insulates you from electricity.
   It has a curse placed upon it.
 m - the +0 pair of boots of Lare (worn) {Regen+ Dex+4}
   (You acquired it on level 14 of the Dungeon)

   It affects your dexterity (+4).
   It increases your rate of regeneration.
 r - a +2 helmet (worn)
 A - the +14 plate armour of Inference (worn) {Int+2}
   (You found it on level 9 of the Dungeon)

   It affects your intelligence (+2).
 J - a scarf of resistance (worn)
 V - a +0 large shield (worn)
Jewellery
 G - a ring of see invisible (right hand)
 K - an amulet of the acrobat (around neck)
 L - an uncursed ring of protection from fire
 R - a +5 ring of dexterity (left hand)
Wands
 t - a wand of disintegration (30)
 v - a wand of clouds (8)
 y - a wand of enslavement (44)
 C - a wand of iceblast (46)
 F - a wand of flame (49)
 H - a wand of polymorph (7)
 I - a wand of random effects (64)
 P - a wand of digging (4)
 T - a wand of acid (10)
Scrolls
 a - 3 scrolls of identify {@r1}
 e - 4 scrolls of magic mapping
 g - 9 scrolls of teleportation
 i - 2 scrolls of immolation
 l - 3 scrolls of enchant armour
 n - 4 scrolls of blinking
 p - 2 scrolls of fog
 q - 10 scrolls of remove curse {@r2}
 x - 7 scrolls of fear
 B - 2 scrolls of summoning
 O - a scroll of holy word
 Q - a scroll of silence
Potions
 d - 4 potions of might
 h - a potion of haste
 j - 2 potions of lignification
 k - 6 potions of flight
 o - 7 potions of heal wounds
 s - 2 potions of mutation
 u - a potion of ambrosia
 w - 5 potions of curing {@q1}
 E - 3 potions of berserk rage
 M - 2 potions of resistance
 S - 2 potions of agility
 U - a potion of cancellation
Miscellaneous
 D - a lamp of fire
Comestibles
 b - 10 chunks of flesh
 f - 48 rations


   Skills:
 + Level 14.2 Fighting
 + Level 16.3 Axes
 + Level 16.4 Armour
 + Level 16.3 Dodging
 + Level 16.5 Shields
 - Level 6.0 Invocations


You had 17 spell levels left.
You didn't know any spells.

Dungeon Overview and Level Annotations

Branches:
Dungeon (15/15)            Temple (1/1) D:4            Lair (6/6) D:10
 Shoals (3/4) Lair:4        Snake (4/4) Lair:3        Slime (0/5) Lair:6
    Orc (2/2) D:11            Elf (0/3) Orc:2        Vaults (0/5) D:14
 Depths (0/5) D:15

Altars:
Ashenzari
Cheibriados
Dithmenos
Elyvilon
Fedhas
Gozag
Hepliaklqana
Kikubaaqudgha
Makhleb
Nemelex Xobeh
Okawaru
Qazlal
Ru
Sif Muna
Trog
Uskayaw
Vehumet
Wu Jian
Xom
Yredelemnul
Zin
The Shining One
Beogh

Shops:
D:6 !   Orc:2 ?*?[*([*   Shoals:1 [[   Snake:1 ?   Snake:2 !

Annotations:
D:3 1 runed door
Lair:6 1 runed door
Snake:2 exclusion: Roxanne, Roxanne


Innate Abilities, Weirdness & Mutations

You are resistant to damage.
You can heal yourself by infusing magical energy.
You resist negative energy. (rN+)
You passively map a large area around you.
You do not regenerate.
You are partially covered in slimy green scales. (AC +2)
You are resistant to hostile enchantments. (MR+)
Your muscles are strong. (Str +2)
Potions are less effective at restoring your health.


Message History

The harpy screeches! x3
You block the harpy's attack. x3; The harpy claws you but does no damage. x2
You block the harpy's attack. The harpy completely misses you. x2
The harpy misses you. The harpy completely misses you.
The harpy closely misses you. x2; The sea snake bites you!
* * * LOW HITPOINT WARNING * * *
The harpy claws you but does no damage. x2
You feel very buoyant.
You fly up into the air.
The harpy screeches! x3
You block the harpy's attack. x3; The harpy closely misses you. x2
The harpy barely misses you. You block the harpy's attack.
The harpy closely misses you. The harpy barely misses you.
You block the harpy's attack.
The merfolk hits you from afar with a trident.
* * * LOW HITPOINT WARNING * * *
The harpy closely misses you. You block the harpy's attack.
The water nymph points at you and mumbles some strange words.
The water rises up and strikes you!
You die...

≈≈≈≈≈ ≈ * ≈ ≈≈ ≈≈≈≈≈≈ ≈≈.
* .....≈ ≈ ≈≈ ≈≈≈≈≈≈≈
≈≈≈. * ** ..≈≈≈≈ ≈
≈≈≈≈≈≈≈≈≈≈..#### *≈≈≈≈≈≈
≈≈ ≈, ≈≈≈≈≈≈≈≈≈
.....###≈≈≈≈≈≈ ≈ ,
≈≈≈≈≈≈≈≈≈. #....>m≈≈.≈≈.
,
≈≈≈≈≈≈≈≈..##....H≈≈..≈≈≈≈
, ≈
≈≈≈≈≈≈≈≈≈.....≈≈HH≈≈.≈≈≈≈
≈ ,
≈≈≈≈≈≈≈≈≈≈....≈H@Sm....≈
≈ , *
≈≈≈≈≈≈≈≈≈≈.....##H.≈....
≈
≈≈≈≈≈≈≈≈≈.....###.......,
.≈≈≈≈≈≈≈≈...≈..........≈
≈,*
≈≈.≈≈≈≈≈≈..≈≈.........≈≈
*
...≈≈≈≈≈≈.<≈.........≈≈≈
,≈ ,, *
#>≈≈≈≈≈≈≈≈...#.......≈≈≈
,,**
..≈≈≈≈≈≈≈≈..##......≈≈≈≈
,,,,
..≈≈≈≈≈≈≈≈.........≈≈ ≈
≈≈,,,


You could see a sea snake, a merfolk, a water nymph and 5 harpies.

Vanquished Creatures
  Mara (Snake:4)
  Saint Roka (Snake:4)
  2 bone dragons (Abyss:1)
  Jorgrun (Snake:4)
  A tentacled starspawn (Abyss:1)
  Kirke (Lair:6)
  12 nagarajas
  An orc warlord (Orc:2)
  A frost giant (IceCv)
  A stone giant (Orc:1)
  A yaktaur captain (D:12)
  2 merfolk impalers
  A vault guard (D:14)
  9 naga warriors
  10 hydras
  A great orb of eyes (Abyss:1)
  Harold (Lair:4)
  A catoblepas (D:13)
  10 anacondas
  2 merfolk aquamancers
  2 ogre magi (D:15)
  A centaur warrior (D:15)
  2 tengu warriors (D:15)
  8 death yaks
  14 two-headed ogres
  A satyr (Shoals:2)
  4 orc high priests
  12 naga sharpshooters
  9 shock serpents
  An unseen horror (D:13)
  3 salamander mystics (Snake:4)
  Nergalle (Lair:4)
  7 skeletal warriors (D:15)
  A flayed ghost (D:15)
  A spatial maelstrom (Abyss:1)
  4 sea snakes
  4 orc knights
  15 naga ritualists
  A lindwurm (Lair:6)
  10 ugly things
  A stone giant zombie (D:15)
  3 necromancers
  13 mana vipers
  9 harpies
  3 orc sorcerers
  9 salamanders
  A worldbinder (Abyss:1)
  A cyclops (D:11)
  11 fauns
  5 manticores
  3 guardian serpents (Snake:4)
  17 elephants
  A stone giant skeleton (D:15)
  A black mamba (shapeshifter) (D:13)
  An apocalypse crab (Abyss:1)
  8 naga magi
  A smoke demon (Abyss:1)
  An eye of devastation (Lair:4)
  44 black mambas
  4 centaur skeletons
  2 water nymphs
  6 torpor snails
  7 spiny frogs
  A gargoyle (D:11)
  8 komodo dragons
  5 yaktaurs
  A freezing wraith (D:15)
  An ice statue (IceCv)
  3 rime drakes
  A tengu conjurer (D:15)
  A spriggan skeleton (D:15)
  6 meliai
  6 trolls
  4 tyrant leeches (Lair:6)
  11 merfolk
  10 hornets
  20 hippogriffs
  18 polar bears
  5 raiju (Abyss:1)
  11 dream sheep
  A wind drake (Shoals:2)
  7 slime creatures (D:15)
  2 snapping turtles
  A vampire (D:13)
  A deep troll skeleton (D:15)
  8 redbacks (Snake:4)
  3 water elementals
  5 wraiths
  35 yaks
  Grum (D:11)
  2 large abominations (Abyss:1)
  5 basilisks
  10 wyverns
  21 humans (D:14)
  A neqoxec (Abyss:1)
  A hungry ghost (D:8)
  4 hogs (Lair:6)
  3 vampire mosquitoes (D:15)
  Menkaure (D:5)
  A spatial vortex (Abyss:1)
  7 wargs
  4 acid dragons
  44 nagas
  14 water moccasins
  3 hell hounds (D:15)
  Duvessa (D:5)
  3 soldier ants
  9 porcupines
  4 ice beasts
  49 orc warriors
  2 phantoms (D:6)
  An eye of draining (D:15)
  A hornet zombie (D:15)
  A black bear (D:8)
  3 sky beasts
  13 ogres
  2 centaurs
  19 crocodiles
  29 wolves
  2 big kobolds
  8 bullfrogs
  Dowan (D:5)
  A water moccasin skeleton (D:6)
  2 scorpions
  4 killer bees (D:10)
  2 howler monkeys
  9 wights
  2 electric eels (Lair:4)
  7 crimson imps
  4 starcursed masses (Abyss:1)
  3 bullfrog zombies
  A quasit (Abyss:1)
  A wyvern simulacrum (D:14)
  6 centaur zombies
  12 hounds
  2 jellies
  28 orc priests
  An iron imp (Abyss:1)
  5 iguanas
  30 orc wizards
  14 worker ants
  8 merfolk sirens
  4 merfolk avatars
  A small abomination (Abyss:1)
  A hound zombie (D:5)
  2 worker ant zombies (D:9)
  A gnoll (D:5)
  17 adders
  4 howler monkey skeletons
  2 river rats (Sewer)
  5 shadow imps
  13 white imps
  An ufetubus (Abyss:1)
  An adder skeleton (D:5)
  An adder zombie (D:9)
  A dart slug (D:3)
  9 leopard geckos
  100 orcs
  14 giant cockroaches
  11 goblins
  9 hobgoblins
  15 jackals
  12 kobolds
  2 quokkas
  8 ball pythons
  A ball python skeleton (D:4)
  6 bats (D:1)
  8 frilled lizards
  A jackal zombie (D:6)
  A leopard gecko skeleton (D:5)
  A quokka skeleton (D:4)
  34 rats
  A spectral orc (D:5)
  A fungus (Lair:6)
  4 plants
  2 starspawn tentacles (Abyss:1)
  A withered plant (D:15)
1195 creatures vanquished.

Vanquished Creatures (collateral kills)
  The ghost of Ratty the Markscentaur, a novice CeBe of Trog (Lair:1)
  A spiny frog (Lair:1)
2 creatures vanquished.

Vanquished Creatures (others)
  A mana viper (Snake:1)
  A polar bear (IceCv)
  A bat (D:3)
  A frilled lizard (D:3)
  12 fungi
  6 plants
  2 starspawn tentacles (Abyss:1)
  3 withered plants (D:15)
27 creatures vanquished.

Grand Total: 1224 creatures vanquished

Notes
Turn   | Place    | Note
-------+----------+-------------------------------------------
     0 | D:1      | kuniqs the Deep Dwarf Fighter began the quest for the Orb.
     0 | D:1      | Reached XP level 1. HP: 20/20 MP: 1/1
    81 | D:1      | You fall through a shaft!
    94 | D:2      | Reached XP level 2. HP: 25/27 MP: 2/2
   116 | D:2      | Found a glowing golden altar of the Shining One.
   193 | D:2      | Reached skill level 1 in Dodging
   193 | D:2      | Reached XP level 3. HP: 31/33 MP: 3/3
  1142 | D:2      | Reached XP level 4. HP: 37/42 MP: 4/4
  1766 | D:3      | Found a glowing drain.
  1789 | Sewer    | Entered a sewer
  1909 | Sewer    | Reached XP level 5. HP: 33/49 MP: 5/5
  2461 | D:3      | Found a radiant altar of Vehumet.
  2554 | D:3      | Found a runed door.
  2713 | D:4      | Reached XP level 6. HP: 38/56 MP: 6/6
  3352 | D:4      | Found a staircase to the Ecumenical Temple.
  3359 | Temple   | Entered the Ecumenical Temple
  3467 | Temple   | Became a worshipper of Makhleb the Destroyer
  3544 | D:5      | Entered Level 5 of the Dungeon
  3573 | D:5      | Noticed an ice beast
  3592 | D:5      | Killed an ice beast
  3592 | D:5      | Reached skill level 1 in Invocations
  3592 | D:5      | Reached XP level 7. HP: 64/64 MP: 6/6
  3655 | D:5      | Noticed Dowan
  3658 | D:5      | Noticed Duvessa
  3683 | D:5      | Killed Dowan
  3683 | D:5      | Reached skill level 5 in Armour
  3685 | D:5      | Killed Duvessa
  3685 | D:5      | Reached skill level 5 in Shields
  3702 | D:5      | Found a blossoming altar of Fedhas.
  3915 | D:5      | Noticed Menkaure
  3932 | D:5      | Killed Menkaure
  3932 | D:5      | Reached XP level 8. HP: 32/73 MP: 7/9
  3959 | D:5      | Reached skill level 5 in Axes
  4128 | D:5      | Found a basalt altar of Yredelemnul.
  4509 | D:6      | Reached skill level 5 in Fighting
  4554 | D:6      | Reached * piety under Makhleb
  4695 | D:6      | Reached skill level 5 in Dodging
  4933 | D:6      | Found Qufradgh's Distillery.
  4938 | D:6      | Bought a potion of heal wounds for 55 gold pieces
  4938 | D:6      | Bought a potion of degeneration for 11 gold pieces
  4938 | D:6      | Bought a potion of curing for 33 gold pieces
  5520 | D:7      | Gained mutation: You passively map the area around you. [Deep Dwarf growth]
  5520 | D:7      | Reached XP level 9. HP: 55/81 MP: 10/10
  5622 | D:7      | Found a hide-covered altar of Uskayaw.
  5759 | D:7      | Reached skill level 5 in Invocations
  6041 | D:7      | Found an ancient bone altar of Kikubaaqudgha.
  6704 | D:8      | Reached ** piety under Makhleb
  6789 | D:8      | Found a stormy altar of Qazlal.
  7019 | D:8      | Found a shimmering altar of Xom.
  7033 | D:8      | Noticed a two-headed ogre
  7078 | D:8      | Killed a two-headed ogre
  7078 | D:8      | Reached XP level 10. HP: 45/91 MP: 12/12
  7107 | D:8      | Found a hazy altar of Hepliaklqana.
  7107 | D:8      | Found a sparkling altar of Nemelex Xobeh.
  7113 | D:8      | Found a glowing silver altar of Zin.
  7123 | D:8      | Found a bloodstained altar of Trog.
  7125 | D:8      | Found a sacrificial altar of Ru.
  7506 | D:9      | Identified the +14 plate armour of Inference {Int+2} (You found it on level 9 of the Dungeon)
  7650 | D:9      | Reached *** piety under Makhleb
  7750 | D:10     | Entered Level 10 of the Dungeon
  7801 | D:10     | Noticed a two-headed ogre
  7813 | D:10     | Killed a two-headed ogre
  7885 | D:10     | Noticed a two-headed ogre
  7897 | D:10     | Killed a two-headed ogre
  7978 | D:10     | Found a staircase to the Lair.
  8292 | D:10     | Found a hazy altar of Hepliaklqana.
  8520 | D:11     | Found a staircase to the Orcish Mines.
  8528 | D:11     | Noticed a gargoyle
  8531 | D:11     | Noticed a brown ugly thing
  8676 | D:11     | Noticed a cyclops
  8694 | D:11     | Killed a cyclops
  8694 | D:11     | Reached XP level 11. HP: 81/100 MP: 11/11
  8741 | D:11     | Reached **** piety under Makhleb
  8823 | D:11     | Killed a brown ugly thing
  8889 | D:11     | Found a roughly hewn altar of Beogh.
  8898 | D:11     | Identified a scroll of acquirement
  8958 | D:11     | Noticed Grum
  9019 | D:11     | Killed Grum
  9266 | Lair:1   | Entered Level 1 of the Lair of Beasts
  9350 | Lair:1   | Noticed Ratty's ghost (novice CeBe)
  9369 | Lair:1   | Killed Ratty's ghost
  9642 | Lair:1   | Noticed an eight-headed hydra
  9652 | Lair:1   | Killed an eight-headed hydra
 10458 | Lair:2   | Noticed Sonja
 10460 | Lair:2   | Noticed a four-headed hydra
 10465 | Lair:2   | Noticed Sonja
 10465 | Lair:2   | Sonja changed into Sonja the yak
 10478 | Lair:2   | Killed Sonja the yak
 10517 | Lair:2   | Killed a four-headed hydra
 10547 | Lair:2   | Noticed a death yak
 10548 | Lair:2   | Noticed a death yak
 10583 | Lair:2   | Killed a death yak
 10596 | Lair:2   | Killed a death yak
 10596 | Lair:2   | Reached skill level 10 in Armour
 10596 | Lair:2   | Reached skill level 10 in Shields
 10596 | Lair:2   | Reached XP level 12. HP: 77/112 MP: 12/12
 10790 | Lair:2   | Reached ***** piety under Makhleb
 11092 | Lair:3   | Found a staircase to the Snake Pit.
 11152 | Lair:3   | Found a frozen archway.
 11175 | Lair:3   | Reached skill level 10 in Axes
 11203 | IceCv    | Entered an ice cave
 11271 | IceCv    | Reached skill level 10 in Dodging
 11685 | IceCv    | Noticed a frost giant
 11733 | IceCv    | Killed a frost giant
 11948 | Lair:3   | Gained mutation: You expend magic power (3 MP) to strengthen your wands. [potion of mutation]
 11948 | Lair:3   | Gained mutation: Your mind is acute. (Int +2) [potion of mutation]
 11948 | Lair:3   | Gained mutation: Your spells are a little harder to cast, but a little more powerful. [potion of mutation]
 11949 | Lair:3   | Lost mutation: You expend magic power (3 MP) to strengthen your wands. [potion of mutation]
 11949 | Lair:3   | Lost mutation: Your spells are a little harder to cast, but a little more powerful. [potion of mutation]
 11949 | Lair:3   | Lost mutation: Your mind is acute. (Int +2) [potion of mutation]
 11949 | Lair:3   | Gained mutation: You have a pair of small antennae on your head. [potion of mutation]
 11949 | Lair:3   | Gained mutation: Potions are less effective at restoring your health. [potion of mutation]
 11949 | Lair:3   | Gained mutation: You have sharp toenails. [potion of mutation]
 11949 | Lair:3   | Gained mutation: You are robust. (+10% HP) [potion of mutation]
 11950 | Lair:3   | Lost mutation: You have sharp toenails. [potion of mutation]
 11950 | Lair:3   | Lost mutation: Potions are less effective at restoring your health. [potion of mutation]
 11950 | Lair:3   | Lost mutation: You are robust. (+10% HP) [potion of mutation]
 11950 | Lair:3   | Gained mutation: Your flesh is heat resistant. (rF+) [potion of mutation]
 11950 | Lair:3   | Gained mutation: You are frail. (-10% HP) [potion of mutation]
 11950 | Lair:3   | Gained mutation: You have a somewhat thin skeletal structure. (Dex +2, Stealth) [potion of mutation]
 11951 | Lair:3   | Lost mutation: You are frail. (-10% HP) [potion of mutation]
 11951 | Lair:3   | Lost mutation: You have a pair of small antennae on your head. [potion of mutation]
 11951 | Lair:3   | Lost mutation: Your flesh is heat resistant. (rF+) [potion of mutation]
 11951 | Lair:3   | Lost mutation: You have a somewhat thin skeletal structure. (Dex +2, Stealth) [potion of mutation]
 11951 | Lair:3   | Gained mutation: You are resistant to hostile enchantments. (MR+) [potion of mutation]
 11951 | Lair:3   | Gained mutation: Your muscles are strong. (Str +2) [potion of mutation]
 11951 | Lair:3   | Gained mutation: Potions are less effective at restoring your health. [potion of mutation]
 11951 | Lair:3   | Gained mutation: You are partially covered in slimy green scales. (AC +2) [potion of mutation]
 12234 | Lair:3   | Reached XP level 13. HP: 121/121 MP: 13/13
 12499 | Lair:4   | Noticed Nergalle
 12525 | Lair:4   | Reached ****** piety under Makhleb
 12526 | Lair:4   | Killed Nergalle
 12613 | Lair:4   | Noticed Harold
 12746 | Lair:4   | Reached skill level 10 in Fighting
 12957 | Lair:4   | Killed Harold
 13162 | Lair:4   | Noticed Nessos
 13166 | Lair:4   | Noticed Nessos
 13166 | Lair:4   | Nessos changed into Nessos the death drake
 13169 | Lair:4   | Noticed Nessos
 13169 | Lair:4   | Nessos the death drake changed into Nessos the eye of devastation
 13177 | Lair:4   | Killed Nessos the eye of devastation
 13305 | Lair:4   | Found a staircase to the Shoals.
 14287 | Lair:6   | Entered Level 6 of the Lair of Beasts
 14409 | Lair:6   | Gained mutation: You resist negative energy. (rN+) [Deep Dwarf growth]
 14409 | Lair:6   | Reached XP level 14. HP: 133/133 MP: 14/14
 14583 | Lair:6   | Found a staircase to the Slime Pits.
 14792 | Lair:6   | Noticed Kirke
 14799 | Lair:6   | Noticed a sphinx
 14903 | Lair:6   | Found a runed door.
 14943 | Lair:6   | Paralysed by a hornet for 2 turns
 15044 | Lair:6   | Paralysed by a hornet for 3 turns
 15309 | Lair:6   | Killed Kirke
 15677 | Orc:1    | Entered Level 1 of the Orcish Mines
 15700 | Orc:1    | Found a roughly hewn altar of Beogh.
 16191 | Orc:2    | Entered Level 2 of the Orcish Mines
 16279 | Orc:2    | Found Hideng's Assorted Antiques.
 16344 | Orc:2    | Found a staircase to the Elven Halls.
 16428 | Orc:2    | Found a roughly hewn altar of Beogh.
 16571 | Orc:2    | Found Duemuph's General Store.
 16580 | Orc:2    | Found Xakeokao's Magic Scroll Shoppe.
 16676 | Orc:2    | Noticed an orc warlord
 16733 | Orc:2    | Killed an orc warlord
 16886 | Orc:2    | Found Toushry's Armour Emporium.
 16942 | Orc:1    | Noticed a stone giant
 16958 | Orc:1    | Killed a stone giant
 17171 | Orc:2    | Found Figomias's Antique Armour Boutique.
 17172 | Orc:2    | Found a roughly hewn altar of Beogh.
 17173 | Orc:2    | Found Oremped's Antique Weapon Shop.
 17180 | Orc:2    | Bought a glowing broad axe for 210 gold pieces
 17189 | Orc:2    | Bought a pair of embroidered gloves for 195 gold pieces
 17256 | Orc:2    | Found a roughly hewn altar of Beogh.
 17271 | Orc:2    | Found Cupt's Magic Scroll Boutique.
 17489 | Orc:2    | Found a roughly hewn altar of Beogh.
 17490 | Orc:2    | Found Atumedi's Assorted Antiques.
 17520 | Orc:2    | Bought a scroll of acquirement for 1352 gold pieces
 17520 | Orc:2    | Bought a knobbly sapphire ring for 130 gold pieces
 17520 | Orc:2    | Bought a scroll labeled XITI FAEWUNYAMAWN for 26 gold pieces
 17535 | Orc:2    | Identified a +1 pair of boots of running (You acquired it on level 2 of the Orcish Mines)
 17868 | D:12     | Reached XP level 15. HP: 142/142 MP: 15/15
 18465 | D:13     | Found a sacrificial altar of Ru.
 18826 | D:13     | Found a hide-covered altar of Uskayaw.
 19038 | D:14     | Found a gate to the Vaults.
 19078 | D:14     | Got a pair of smoking boots
 19818 | D:15     | Entered Level 15 of the Dungeon
 19919 | D:15     | Cast into level 1 of the Abyss (orc warrior)
 20044 | Abyss:1  | Paralysed by accursed screaming for 1 turns
 20058 | Abyss:1  | Noticed a tentacled starspawn
 20058 | Abyss:1  | Noticed a bone dragon
 20064 | Abyss:1  | Killed a tentacled starspawn
 20084 | Abyss:1  | Killed a bone dragon
 20136 | Abyss:1  | Noticed a bone dragon
 20170 | Abyss:1  | Killed a bone dragon
 20172 | D:15     | Escaped the Abyss
 20182 | D:15     | Found a staircase to the Depths.
 20337 | D:15     | Reached XP level 16. HP: 147/152 MP: 16/16
 20385 | D:15     | Found an opulent altar of Gozag.
 20965 | D:15     | Identified the +0 pair of boots of Lare {Regen+ Dex+4} (You acquired it on level 14 of the Dungeon)
 21358 | Snake:1  | Entered Level 1 of the Snake Pit
 21394 | Snake:1  | Found Sifriog's Magic Scroll Shop.
 21403 | Snake:1  | Bought a scroll of enchant weapon for 135 gold pieces
 21983 | Snake:2  | Reached skill level 15 in Shields
 22007 | Snake:2  | Reached skill level 15 in Armour
 22255 | Snake:2  | Reached XP level 17. HP: 89/163 MP: 17/17
 22261 | Snake:2  | Noticed Roxanne
 22266 | Snake:2  | Found Loumegil's Distillery.
 22281 | Snake:2  | Bought a potion of haste for 120 gold pieces
 22281 | Snake:2  | Bought a potion of curing for 36 gold pieces
 22549 | Snake:3  | Reached skill level 15 in Axes
 22747 | Snake:3  | Reached skill level 15 in Dodging
 23374 | Snake:4  | Entered Level 4 of the Snake Pit
 23486 | Snake:4  | Noticed Mara
 23499 | Snake:4  | Killed Mara
 23557 | Snake:4  | Noticed Jorgrun
 23581 | Snake:4  | Killed Jorgrun
 23762 | Snake:4  | Gained mutation: You passively map a large area around you. [Deep Dwarf growth]
 23762 | Snake:4  | Reached XP level 18. HP: 167/174 MP: 17/17
 23905 | Snake:4  | Noticed Saint Roka
 23931 | Snake:4  | Killed Saint Roka
 24596 | Snake:4  | Got a serpentine rune of Zot
 24855 | Shoals:1 | Entered Level 1 of the Shoals
 24898 | Shoals:1 | Found Toyhoxt's Antique Armour Shoppe.
 24906 | Shoals:1 | Bought a pair of brightly glowing gloves for 351 gold pieces
 24906 | Shoals:1 | Bought a pair of transparent gloves for 351 gold pieces
 24906 | Shoals:1 | Identified the cursed +0 pair of gloves of the Skies Above {rElec Str+4 Dex+4} (You bought it in a shop on level 1 of the Shoals)
 24907 | Shoals:1 | Identified the +2 pair of gloves "Sagaerch" {Regen+ Str+5} (You bought it in a shop on level 1 of the Shoals)
 24967 | Shoals:1 | Found Qutt's Antique Armour Shoppe.
 24975 | Shoals:1 | Bought a glowing helmet for 262 gold pieces
 26301 | Shoals:3 | Killed from afar by a water nymph

Vault maps used:
D:1:      minmay_arrival_floating_metal, item_on_display_a
D:2:      tso_metal_star
D:3:      fiery_altar_vehumet, gup_sewer_entry_pipe, uniq_crazy_yiuf_cottage
D:4:      cheibrodos_old_hovel, minmay_temple_entry_nine_rooms
D:5:      yredelemnul_forgotten_temple_becter, fedhas_bush_and_centaur_altar,
          first_ration, cheibrodos_gnoll_hut, uniq_duvessa, uniq_menkaure
D:6:      serial_shops, kennysheep_little_box, minivault_24,
          hangedman_decor_clover_reticule
D:7:      lemuel_coloured_pillars_altar, old_standard_altar
D:8:      grunt_qazlal_clouds, overflow_temple_1_default,
          chequers_temple_overflow_minitemple, hangedman_pestilent_swarm
D:10:     lair_entry_dummy, basic_altar
D:11:     minmay_orc_entry_temple_small, uniq_grum
D:12:     mrwooster_statue_mirror, kb_rosetta
D:13:     hangedman_feature_mirror
D:14:     grunt_vaults_entry_tiered
D:15:     gammafunk_depths_entry_grave, nicolae_gozag_seed_capital, special_room
Temple:   nicolae_temple_figure_zero
Lair:1:   hibernation_bobbens
Lair:2:   beast_lair_carwin_large_3, grunt_forest_small_clearing_treed,
          uniq_sonja
Lair:3:   guppyfry_snake_entry_island, portal_ice_cave_entry_imps
Lair:4:   minmay_shoals_entry_hut, serial_bayou_pond_a, grunt_megastairs_3,
          uniq_harold, uniq_nessos, uniq_nergalle
Lair:5:   grunt_megastairs_4, infiniplex_staircase_pool
Lair:6:   wormcave, slime_dummy, serial_bayou_shore_a, uniq_kirke
Shoals:1: serial_shops, shop, nicolae_shop_crystal
Shoals:3: ldierk_geyser
Snake:1:  serial_shops, shop, minmay_snake_pond
Snake:2:  serial_shops, shop, uniq_roxanne
Snake:3:  serial_bayou_shore_b
Snake:4:  johnstein_snake_rune_scales, special_room, spider_trap,
          abandoned_shop, uniq_jorgrun, uniq_saint_roka, uniq_mara
Orc:1:    basic_altar
Orc:2:    grunt_orc_community_town_hall, grunt_orc_community_big_house_2,
          grunt_orc_community_big_house_1, grunt_orc_community_house_3,
          grunt_orc_community_house_1, grunt_orc_community_house_1,
          grunt_orc_community_house_3, grunt_orc_community_house_2,
          serial_shops, shop, shop_fountains, nicolae_shop_behind_doors, shop
Sewer:    sewer_sea
IceCv:    ice_cave_small_giant

Skill      XL: |  1  2  3  4  5  6  7  8  9 10 11 12 13 14 15 16 17 18 |
---------------+-------------------------------------------------------+-----
Dodging        | 1 2 3 4 5 6 8 9 10 11 12 13 14 15 16 | 16.3
Fighting       | 3 4 5 6 7 8 9 10 11 12 13 14 | 14.2
Axes           | 3 4 5 7 8 9 10 11 13 14 15 16 | 16.3
Shields        | 4 5 6 7 8 10 11 12 13 14 15 16 | 16.5
Armour         | 4 5 6 7 8 10 11 12 13 14 15 16 | 16.4
Invocations    | 1 2 4 6 |  6.0

Action                   |  1- 3 |  4- 6 |  7- 9 | 10-12 | 13-15 | 16-18 || total
-------------------------+-------+-------+-------+-------+-------+-------++-------
Melee: War axe           |    43 |       |    21 |   310 |   775 |       ||  1149
       Whip              |    86 |   332 |   533 |  1056 |   126 |       ||  2133
       Broad axe         |       |       |       |       |   757 |  1328 ||  2085
       Short sword       |       |       |       |       |   100 |       ||   100
Invok: Lesser Servant of |       |       |       |     2 |       |       ||     2
 Abil: Heal Wounds       |       |     3 |     5 |    10 |     7 |     4 ||    29
Evoke: Wand              |       |       |       |     6 |     9 |     2 ||    17
       Lamp of fire      |       |       |       |     1 |     1 |       ||     2
  Use: Scroll            |       |     7 |     9 |     8 |    20 |    11 ||    55
       Potion            |       |       |     1 |     4 |     1 |     6 ||    12
  Eat: Chunk             |     1 |     7 |    14 |    20 |    29 |    15 ||    86
       Ration            |       |       |     1 |       |       |     2 ||     3
Armor: Scale mail        |    54 |    88 |       |       |       |       ||   142
       Crystal plate arm |       |    75 |   284 |    49 |       |       ||   408
       Plate armour      |       |       |       |   844 |  1147 |   451 ||  2442
Dodge: Dodged            |    45 |    84 |    59 |   615 |  1056 |   822 ||  2681
Block: Shield            |    72 |   180 |   270 |  1016 |  1485 |   810 ||  3833
       Large shield      |       |       |       |       |       |   511 ||   511

Table legend:
 A = Spawn XP
 B = Non-spawn XP
 C = Spawn XP percentage of total XP
 D = Spawn monster count
 E = Non-spawn monster count
 F = Spawn count percentage of total count
 G = Total turns spent on level
                    A         B        C        D         E        F      G
               +---------+---------+-------+---------+---------+-------+---------
         Total |    7483 |  338810 |   2.2 |      16 |    1174 |   1.3 | 26301
               +---------+---------+-------+---------+---------+-------+---------
           D:1 |       0 |      47 |   0.0 |       0 |      29 |   0.0 |   904
           D:2 |       0 |      67 |   0.0 |       0 |      26 |   0.0 |   798
           D:3 |       0 |      89 |   0.0 |       0 |      23 |   0.0 |   505
           D:4 |       0 |     241 |   0.0 |       0 |      14 |   0.0 |   798
           D:5 |       0 |    1124 |   0.0 |       0 |      22 |   0.0 |   810
           D:6 |       0 |     956 |   0.0 |       0 |      23 |   0.0 |   947
           D:7 |       0 |     494 |   0.0 |       0 |      15 |   0.0 |  1254
           D:8 |       0 |    2795 |   0.0 |       0 |      31 |   0.0 |   763
           D:9 |       0 |     920 |   0.0 |       0 |      20 |   0.0 |   432
          D:10 |       0 |    3590 |   0.0 |       0 |      24 |   0.0 |   832
          D:11 |       0 |    3264 |   0.0 |       0 |      39 |   0.0 |   772
          D:12 |       0 |    7192 |   0.0 |       0 |      30 |   0.0 |   770
          D:13 |       0 |    6535 |   0.0 |       0 |      19 |   0.0 |   499
          D:14 |       0 |    9239 |   0.0 |       0 |      39 |   0.0 |   985
          D:15 |       0 |   42610 |   0.0 |       0 |     111 |   0.0 |  1133
        Lair:1 |       0 |    4378 |   0.0 |       0 |      17 |   0.0 |   981
        Lair:2 |       0 |    6711 |   0.0 |       0 |      30 |   0.0 |   932
        Lair:3 |       0 |    4478 |   0.0 |       0 |      35 |   0.0 |   659
        Lair:4 |       0 |   14733 |   0.0 |       0 |      48 |   0.0 |  1041
        Lair:5 |       0 |    7340 |   0.0 |       0 |      23 |   0.0 |   909
        Lair:6 |       0 |   19962 |   0.0 |       0 |      53 |   0.0 |  1257
      Shoals:1 |       0 |    7427 |   0.0 |       0 |      15 |   0.0 |   502
      Shoals:2 |       0 |   14267 |   0.0 |       0 |      28 |   0.0 |   625
      Shoals:3 |       0 |   10468 |   0.0 |       0 |      18 |   0.0 |   319
       Snake:1 |       0 |   18491 |   0.0 |       0 |      42 |   0.0 |   535
       Snake:2 |       0 |   20115 |   0.0 |       0 |      33 |   0.0 |   708
       Snake:3 |       0 |   21488 |   0.0 |       0 |      39 |   0.0 |   837
       Snake:4 |       0 |   74129 |   0.0 |       0 |     104 |   0.0 |  1383
         Orc:1 |       0 |    4438 |   0.0 |       0 |      30 |   0.0 |   654
         Orc:2 |       0 |   12715 |   0.0 |       0 |     105 |   0.0 |  1273
       Abyss:1 |    7483 |    8460 |  46.9 |      16 |       9 |  64.0 |   253
         Sewer |       0 |     166 |   0.0 |       0 |      44 |   0.0 |   420
         IceCv |       0 |    9881 |   0.0 |       0 |      36 |   0.0 |   692
               +---------+---------+-------+---------+---------+-------+---------
